 Dungeon Crawl Stone Soup version 0.20.0-15-g7f486f2 (webtiles) character file.

262 Malak the Chopper (level 5, 0/46 HPs)
             Began as a Draconian Berserker on June 11, 2017.
             Was a Priest of Trog.
             Slain by a big kobold zombie (4 damage)
             ... in an ossuary.
             The game lasted 00:15:00 (2518 turns).

Malak the Chopper (Draconian Berserker)             Turns: 2518, Time: 00:15:02

Health: 0/46       AC:  6    Str: 21      XL:     5   Next: 97%
Magic:  14/14      EV: 12    Int:  7      God:    Trog [***...]
Gold:   131        SH:  0    Dex:  9 (10) Spells: 4/4 levels left

rFire    . . .     SeeInvis .   p - +0 war axe
rCold    . . .     Gourm    .   (no shield)
rNeg     . . .     Faith    .   (armour unavailable)
rPois    .         Spirit   .   (helmet restricted)
rElec    .         Reflect  .   (no cloak)
rCorr    .         Harm     .   (no gloves)
MR       .....                  i - +0 pair of boots (curse)
Stlth    +.........             (no amulet)
Regen    0.2/turn               d - ring of magical power
MPRegen  0.2/turn               (no ring)

@: marked, berserk cooldown, slowed, very slow
A: unfitting armour, cold-blooded, AC +5
a: Berserk, Trog's Hand, Burn Spellbooks, Renounce Religion


You were in an ossuary.
You worshipped Trog.
Trog was most pleased with you.
You were near starving.

You visited 1 branch of the dungeon, and saw 4 of its levels.
You also visited: Ossuary.

You collected 131 gold pieces.

Inventory:

Hand Weapons
 a - a +0 hand axe
 n - a +0 long sword
 p - a +0 war axe (weapon)
Missiles
 r - 7 javelins (quivered)
Armour
 i - a cursed +0 pair of boots (worn)
 x - a scarf of spirit shield
Jewellery
 d - a ring of magical power (left hand)
Wands
 s - a wand of random effects (14/48)
Scrolls
 g - a scroll of teleportation {unknown}
 m - 3 scrolls of identify {unknown}
 q - a scroll of enchant weapon {unknown}
 t - 2 scrolls of remove curse {unknown}
 u - a scroll of immolation {unknown}
 v - a scroll of magic mapping {unknown}
Potions
 e - 2 potions of heal wounds {unknown}
 h - a potion of flight {unknown}
 j - a potion of resistance {unknown}
 k - 2 potions of berserk rage {unknown}
 l - a potion of magic {unknown}
 o - 2 potions of might {unknown}
 z - a potion of haste {unknown}
Comestibles
 b - 2 bread rations
 c - 3 royal jellies
 f - 4 meat rations
 w - 3 chunks of flesh


   Skills:
 - Level 4.1 Fighting
 + Level 6.2 Axes
 - Level 2.7 Dodging


You had 4 spell levels left.
You didn't know any spells.

Dungeon Overview and Level Annotations

Branches:
Dungeon (4/15)
 Temple: D:4-7

Altars:


Innate Abilities, Weirdness & Mutations

Your plain brown scales are hard. (AC +5)
You cannot fit into any form of body armour.
You are cold-blooded and may be slowed by cold attacks.


Message History

The kobold zombie completely misses you.
A mummy and a zombie come into view.
You hit the mummy.
The mummy is heavily damaged.
You hit the big kobold zombie but do no damage.
You slash the kobold zombie!
You destroy the kobold zombie!
Trog accepts your kill.
The rat zombie moves out of view.
The big kobold zombie hits you but does no damage.
The mummy hits you.
* * * LOW HITPOINT WARNING * * *
You hit the mummy.
The mummy is severely damaged.
You slash the big kobold zombie! You hit the human zombie.
The big kobold zombie hits you but does no damage.
The human zombie hits you.
* * * LOW HITPOINT WARNING * * *
The mummy closely misses you. The big kobold zombie hits you.
You die...

#..... #...# #. ##....
#...# #. .... #...#
#.. #..# #...# #..
#..# #...# #... #..#
#...#
#...######..######...#
#......ZZMZ..........#
#.....@MZ8..8........#
#......Z.............#
#....................#
######################


You could see 2 mummies, 3 rat zombies, a big kobold zombie and a human zombie.

Vanquished Creatures
  The ghost of sagitran the Slasher, an amateur DsCK of Xom (D:3)
  A quasit (D:3)
  A gnoll (D:1)
  5 adders
  A worm (D:2)
  A dart slug (D:1)
  2 leopard geckos (D:3)
  4 orcs (D:3)
  5 giant cockroaches
  4 goblins
  5 hobgoblins
  6 jackals (D:4)
  A quokka (D:3)
  3 ball pythons
  9 bats
  7 frilled lizards
  A goblin zombie (Ossuary)
  8 hobgoblin zombies (Ossuary)
  5 kobolds
  8 kobold zombies (Ossuary)
  9 orc zombies (Ossuary)
  6 rats
93 creatures vanquished.

Notes
Turn   | Place    | Note
-------+----------+-------------------------------------------
     0 | D:1      | Malak the Draconian Berserker began the quest for the Orb.
     0 | D:1      | Reached XP level 1. HP: 19/19 MP: 1/1
   120 | D:1      | Reached XP level 2. HP: 26/26 MP: 2/2
   789 | D:2      | Reached XP level 3. HP: 33/33 MP: 3/3
  1366 | D:2      | Reached ** piety under Trog
  1372 | D:2      | Reached skill level 4 in Axes
  1586 | D:3      | Reached XP level 4. HP: 40/40 MP: 4/4
  1629 | D:3      | Noticed sagitran's ghost (amateur DsCK)
  1648 | D:3      | Killed sagitran's ghost
  1648 | D:3      | Reached skill level 5 in Axes
  1648 | D:3      | Reached XP level 5. HP: 46/46 MP: 5/5
  2078 | D:3      | Reached skill level 6 in Axes
  2227 | D:4      | Reached *** piety under Trog
  2423 | D:4      | Found a sand-covered staircase.
  2433 | Ossuary  | Entered an ossuary
  2518 | Ossuary  | Slain by a big kobold zombie

Skill      XL: |  1  2  3  4  5 |
---------------+----------------+-----
Fighting       | 4 |  4.1
Axes           | 4 5 6 |  6.2
Dodging        | |  2.7

Action                   |  1- 3 |  4- 6 || total
-------------------------+-------+-------++-------
Melee: Hand axe          |    88 |       ||    88
       Tailslap          |     8 |    11 ||    19
       War axe           |     5 |   103 ||   108
Throw: Javelin           |       |    19 ||    19
Invok: Berserk           |     4 |     5 ||     9
 Stab: Sleeping          |     1 |       ||     1
  Eat: Chunk             |     6 |     6 ||    12
Armor: Skin              |    26 |    37 ||    63
Dodge: Dodged            |    62 |    67 ||   129
